 Dungeon Crawl Stone Soup version 0.31-a0-188-g5e087ee2ca (webtiles) character file.

Game seed: 12443314116050165197

24706 qw the Markself (level 12, -5/72 HPs)
             Began as a Deep Elf Hunter on June 23, 2023.
             Was an Elder of Okawaru.
             Slain by a skyshark (15 damage)
             ... on level 3 of the Lair of Beasts.
             The game lasted 00:05:17 (11957 turns).

qw the Markself (Deep Elf Hunter)                  Turns: 11957, Time: 00:05:18

Health: -5/72      AC: 13    Str: 10    XL:     12   Next: 83%
Magic:  19/21      EV: 30    Int: 16    God:    Okawaru [****..]
Gold:   932        SH:  0    Dex: 23    Spells: 11/11 levels left

rFire   . . .        a - +1 longbow of Zuoruo {flame, Str-2 Dex+5}
rCold   . . .        (shield currently unavailable)
rNeg    . . .        t - +0 troll leather armour
rPois   .            c - +0 helmet
rElec   .            (no cloak)
rCorr   .            f - +0 pair of gloves
SInv    .            j - +0 pair of boots
Will    +....        i - amulet of regeneration
Stlth   ++++         p - +4 ring of protection
HPRegen 1.92/turn    g - +5 ring of evasion
MPRegen 0.17/turn

%: no passive effects
@: about to teleport, heroic
A: no striking features
a: Renounce Religion, Heroism, Finesse


You were on level 3 of the Lair of Beasts.
You worshipped Okawaru.
Okawaru was greatly pleased with you.
You visited 3 branches of the dungeon, and saw 15 of its levels.
You also visited: Sewer.

You collected 932 gold pieces.


   Skills:
 - Level 7.0(12.0) Fighting
 - Level 20.0(25.0) Ranged Weapons
 - Level 3.0(8.0) Armour
 + Level 11.1(16.1) Dodging
 - Level 1.2(6.2) Stealth
 - Level 10.0 Invocations


You had 11 spell levels left.
You didn't know any spells.
Your spell library was empty.

Inventory:

Hand Weapons
 a - the +1 longbow of Zuoruo (weapon) {flame, Str-2 Dex+5}
   (You acquired it on level 10 of the Dungeon)

   Str:       It affects your strength (-2).
   Dex:       It affects your dexterity (+5).
Armour
 c - a +0 helmet (worn)
 f - a +0 pair of gloves (worn)
 j - a +0 pair of boots (worn)
 l - a +2 leather armour of fire resistance
 t - a +0 troll leather armour (worn)
 u - the +5 scale mail of Ferocious the Leaf {Harm rN+}
   (You found it on level 1 of the Lair of Beasts)

   rN:        It protects you from negative energy.
   Harm:      It increases damage dealt and taken.
Jewellery
 g - a +5 ring of evasion (right hand)
 i - an amulet of regeneration (around neck)
 p - a +4 ring of protection (left hand)
Scrolls
 k - 2 scrolls of identify
 r - 6 scrolls of teleportation
Potions
 b - 4 potions of curing
 d - 8 potions of enlightenment
 e - 6 potions of mutation
 h - a potion of haste
 m - 2 potions of might
 n - 2 potions of resistance
 o - 3 potions of heal wounds
 q - 2 potions of magic
 v - a potion of cancellation

Dungeon Overview and Level Annotations

Branches:
Dungeon (11/15)            Temple (1/1) D:4            Lair (3/5) D:11
  Swamp (0/4) Lair:2       Spider (0/4) Lair:2          Orc (0/2) D:9
  Sewer (visited)

Altars:
Ashenzari
Cheibriados
Dithmenos
Elyvilon
Fedhas
Gozag
Hepliaklqana
Kikubaaqudgha
Makhleb
Nemelex Xobeh
Okawaru
Qazlal
Ru
Sif Muna
Trog
Uskayaw
Vehumet
Wu Jian
Xom
Yredelemnul
Zin
The Shining One

Shops:
D:9 :   D:10 :

Annotations:
D:3 3 runed translucent doors, Crazy Yiuf
D:6 2 transporters


Message History

You shoot an arrow. The arrow hits the wolf!!
The arrow burns the wolf!
You kill the wolf!
Okawaru accepts your kill.
You shoot an arrow. The arrow hits the wolf!
The arrow burns the wolf.
The wolf howls!
The wolf is heavily wounded.
You shoot an arrow. The arrow hits the wolf!!
The arrow burns the wolf.
You kill the wolf!
Okawaru accepts your kill.
Found an escape hatch in the ceiling.
Enter note:
Enter note: A skyshark comes into view.
Enter note: You shoot an arrow.
The arrow hits the skyshark.
The arrow burns the skyshark.
The skyshark is lightly wounded.
Enter note: You shoot an arrow.
The arrow closely misses the skyshark.
The skyshark bites you!
The skyshark tastes blood and grows stronger!
The skyshark closely misses you. The skyshark tail-slaps you!
You shoot an arrow.
The arrow hits the skyshark but does no damage.
The skyshark is lightly wounded.
You shoot an arrow. The arrow hits the skyshark.
The arrow burns the skyshark.
The skyshark is lightly wounded.
The skyshark bites you!!
The skyshark enters a blood-rage!
The skyshark misses you. The skyshark tail-slaps you.
11956 ||| INVOKING Heroism.
You gain the combat prowess of a mighty hero.
You can no longer enter into single combat with a foe.
Okawaru will no longer gift you equipment.
The skyshark completely misses you. The skyshark tail-slaps you! x2
The skyshark misses you. The skyshark tail-slaps you.
The skyshark barely misses you.
11957 ||| READING 7 scrolls of teleportation.
As you read the scroll of teleportation, it crumbles to dust.
You feel strangely unstable. The skyshark bites you!
You die...

..#.+###..
#.#..##.P##
##... .
#######.## .#..
. ########..##
. ..# ..
#......#...#
.## ...
##.....##.##
....#P.....P..#
.............#
.##.....##...#
##.@.####..#
#.l## #..#
#...# P..#
...... ..##
....... .#
.....#.##.
...##.# # ... .


You could see a skyshark (berserk).

Vanquished Creatures
  A centaur warrior (D:11)
  3 two-headed ogres
  7 death yaks (D:11)
  Amaemon (Lair:1)
  2 skysharks (Lair:2)
  2 wolf spiders (Lair:2)
  A black mamba (Lair:1)
  Maggie (D:7)
  2 torpor snails (Lair:2)
  An orange demon (Lair:1)
  3 cane toads
  An unseen horror (D:8)
  2 kobold demonologists (D:11)
  A rime drake (Lair:2)
  A komodo dragon (Lair:1)
  3 trolls
  A hornet (D:10)
  2 tyrant leeches (Lair:2)
  2 polar bears
  A jumping spider (Lair:2)
  Sigmund (D:5)
  2 shadows
  23 yaks
  A wraith (D:7)
  3 wyverns
  3 steam dragons
  Menkaure (D:6)
  2 swamp worms (Lair:2)
  A redback (Lair:2)
  An acid dragon (D:11)
  6 water moccasins
  Duvessa (D:7)
  2 black bears
  A sky beast (D:6)
  6 centaurs
  4 ice beasts
  An ogre (D:4)
  3 wolves (Lair:3)
  3 phantoms
  7 kobold brigands
  4 scorpions
  A gnoll sergeant (D:9)
  5 bullfrogs
  10 wights
  Dowan (D:7)
  4 killer bees (D:6)
  6 howler monkeys
  A jelly (D:5)
  2 orc priests
  A sleepcap (D:8)
  A hound (D:5)
  5 orc wizards
  Natasha (thrice) (D:4)
  5 iguanas
  19 gnolls
  3 adders
  A river rat (Sewer)
  A shadow imp (D:6)
  2 white imps
  3 ufetubi
  9 dart slugs
  4 worms
  26 orcs
  10 ball pythons
  13 endoplasms
  4 giant cockroaches
  7 goblins
  9 hobgoblins
  4 jackals
  32 kobolds
  3 quokkas
  5 bats
  A frilled lizard (D:3)
  10 rats
  A spectral orc (D:10)
326 creatures vanquished.

Notes
Turn   | Place    | Note
-------+----------+-------------------------------------------
     0 | D:1      | qw the Deep Elf Hunter began the quest for the Orb.
     0 | D:1      | Reached XP level 1. HP: 12/12 MP: 3/3
     0 | D:1      | 0 ||| qw: Version: 0.3-a-9-g12657ce
     0 | D:1      | 0 ||| qw: Game counter: 3676
     0 | D:1      | 0 ||| qw: Always use a shield: true
     0 | D:1      | 0 ||| qw: God list: Okawaru
     0 | D:1      | 0 ||| qw: Allow faded altars: false
     0 | D:1      | 0 ||| qw: Do Orc after D:15 true
     0 | D:1      | 0 ||| qw: Do second Lair branch before Depths: true
     0 | D:1      | 0 ||| qw: Lair rune preference: random
     0 | D:1      | 0 ||| qw: Plans: Normal
     0 | D:1      | 0 ||| PLANNING D:1-11
   118 | D:1      | Reached skill level 6 in Ranged Weapons
   118 | D:1      | Reached XP level 2. HP: 8/16 MP: 4/4
   375 | D:1      | Reached XP level 3. HP: 20/20 MP: 5/5
   698 | D:1      | 698 ||| UPGRADING to +0 scale mail.
   708 | D:1      | 708 ||| DROPPING +0 leather armour.
   709 | D:1      | 709 ||| READING scroll labelled SINOEB VACET.
   710 | D:1      | 710 ||| READING scroll labelled OSOEGUASUL.
   711 | D:1      | 711 ||| DROPPING scroll of butterflies.
   713 | D:1      | 713 ||| Stepping ~*~*~tactically~*~*~ (cloud).
   716 | D:1      | HP: 5/20 [poisoned by you (poison gas)]
   720 | D:1      | HP: 2/20 [poisoned by you (poison gas)]
   874 | D:2      | 874 ||| FLEEEEING.
   877 | D:2      | 877 ||| FLEEEEING.
   881 | D:2      | 881 ||| FLEEEEING.
   882 | D:2      | 882 ||| FLEEEEING.
   883 | D:2      | 883 ||| FLEEEEING.
   884 | D:2      | 884 ||| FLEEEEING.
   887 | D:2      | 887 ||| STAIRDANCE
   903 | D:2      | Reached skill level 7 in Ranged Weapons
  1234 | D:2      | 1234 ||| Stepping ~*~*~tactically~*~*~ (outnumbered).
  1236 | D:2      | 1236 ||| Stepping ~*~*~tactically~*~*~ (outnumbered).
  1378 | D:2      | Identified the +1 mace "Ipsie" {speed, Dex+3}
  1469 | D:2      | 1469 ||| UPGRADING to +0 helmet.
  1474 | D:2      | 1474 ||| UPGRADING to +0 pair of gloves.
  1479 | D:2      | 1479 ||| UPGRADING to +2 leather armour of fire resistance.
  1489 | D:2      | 1489 ||| UPGRADING to amulet of regeneration.
  1494 | D:2      | 1494 ||| READING scroll labelled DEINAO PEPN.
  1495 | D:2      | 1495 ||| READING scroll labelled XUCEAZUTAN.
  1511 | D:3      | 1511 ||| PLANNING SEWER
  1546 | D:3      | Reached XP level 4. HP: 25/25 MP: 6/6
  1552 | D:3      | 1552 ||| Stepping ~*~*~tactically~*~*~ (outnumbered).
  1607 | D:3      | Found a large runed translucent door.
  1608 | D:3      | Found a large runed translucent door.
  1640 | D:3      | Found a glowing drain.
  1642 | D:3      | 1642 ||| DROPPING +0 scale mail.
  1643 | D:3      | 1643 ||| READING scroll labelled MOREAX XUEQIXI.
  1645 | D:3      | Noticed a phantom
  1653 | D:3      | Killed a phantom
  1654 | D:3      | Reached skill level 8 in Ranged Weapons
  1654 | D:3      | Reached XP level 5. HP: 29/29 MP: 7/7
  1664 | Sewer    | Entered a sewer
  1716 | Sewer    | 1716 ||| Stepping ~*~*~tactically~*~*~ (water).
  1743 | Sewer    | HP: 6/29 [kobold brigand/+0 short sword (4)]
  1747 | Sewer    | Reached skill level 9 in Ranged Weapons
  1778 | Sewer    | Found a white marble altar of Elyvilon.
  1822 | D:3      | 1822 ||| PLANNING D:1-11
  1826 | D:3      | 1826 ||| READING scroll of enchant weapon.
  1826 | D:3      | 1826 ||| ENCHANTING +1 shortbow.
  1840 | D:3      | Found a hide-covered altar of Uskayaw.
  1848 | D:3      | 1848 ||| Stepping ~*~*~tactically~*~*~ (outnumbered).
  1850 | D:3      | 1850 ||| Stepping ~*~*~tactically~*~*~ (outnumbered).
  1853 | D:3      | Reached skill level 3 in Dodging
  1853 | D:3      | Reached XP level 6. HP: 34/34 MP: 8/8
  2630 | D:3      | Found a runed translucent door.
  2631 | D:3      | Noticed Crazy Yiuf
  2841 | D:3      | 2841 ||| READING scroll labelled OJYRIRRAOSI.
  2841 | D:3      | Found a snail-covered altar of Cheibriados.
  2841 | D:3      | Found a glowing golden altar of the Shining One.
  2949 | D:3      | 2949 ||| READING scroll labelled OCIYPY ZAQUA.
  2950 | D:3      | 2950 ||| DRINKING 2 metallic dark potions.
  2990 | D:3      | 2990 ||| READING 4 scrolls of identify.
  2990 | D:3      | 2990 ||| IDENTIFYING cyan potion
  2991 | D:3      | 2991 ||| READING 3 scrolls of identify.
  2991 | D:3      | 2991 ||| IDENTIFYING smoky purple potion
  2992 | D:3      | 2992 ||| READING 2 scrolls of identify.
  2992 | D:3      | 2992 ||| IDENTIFYING coppery potion
  2993 | D:3      | 2993 ||| DROPPING potion of magic.
  2994 | D:3      | 2994 ||| DROPPING potion of attraction.
  2995 | D:3      | 2995 ||| DROPPING potion of lignification.
  3074 | D:4      | Found an opulent altar of Gozag.
  3133 | D:4      | 3133 ||| FLEEEEING.
  3134 | D:4      | 3134 ||| FLEEEEING.
  3135 | D:4      | 3135 ||| FLEEEEING.
  3136 | D:4      | 3136 ||| FLEEEEING.
  3137 | D:4      | 3137 ||| FLEEEEING.
  3138 | D:4      | 3138 ||| FLEEEEING.
  3139 | D:4      | 3139 ||| FLEEEEING.
  3140 | D:4      | 3140 ||| FLEEEEING.
  3141 | D:4      | 3141 ||| DRINKING 2 potions of curing.
  3141 | D:4      | 3141 ||| (to cure confusion)
  3143 | D:4      | Reached skill level 10 in Ranged Weapons
  3198 | D:4      | Found a staircase to the Ecumenical Temple.
  3199 | D:4      | 3199 ||| PLANNING TEMPLE
  3200 | D:4      | 3200 ||| Stepping ~*~*~tactically~*~*~ (outnumbered).
  3202 | D:4      | 3202 ||| Stepping ~*~*~tactically~*~*~ (outnumbered).
  3204 | D:4      | 3204 ||| Stepping ~*~*~tactically~*~*~ (outnumbered).
  3207 | D:4      | Reached XP level 7. HP: 37/40 MP: 9/9
  3235 | Temple   | Entered the Ecumenical Temple
  3273 | Temple   | 3273 ||| PLANNING D:1-11
  3538 | D:4      | Noticed Natasha
  3543 | D:4      | Killed Natasha
  3570 | D:4      | Reached skill level 11 in Ranged Weapons
  3685 | D:4      | Noticed Natasha
  3691 | D:4      | Killed Natasha
  3699 | D:4      | Noticed Natasha
  3713 | D:4      | Killed Natasha
  3758 | D:4      | 3758 ||| UPGRADING to +0 pair of boots.
  3763 | D:4      | 3763 ||| READING 2 scrolls of identify.
  3763 | D:4      | 3763 ||| IDENTIFYING orange potion
  3786 | D:5      | Entered Level 5 of the Dungeon
  3814 | D:5      | Reached skill level 1 in Armour
  4027 | D:5      | Noticed Sigmund
  4039 | D:5      | Killed Sigmund
  4040 | D:5      | Reached skill level 12 in Ranged Weapons
  4040 | D:5      | Reached XP level 8. HP: 44/44 MP: 10/10
  4151 | D:5      | 4151 ||| READING scroll of enchant weapon.
  4151 | D:5      | 4151 ||| ENCHANTING +2 shortbow.
  4196 | D:5      | 4196 ||| FLEEEEING.
  4197 | D:5      | 4197 ||| FLEEEEING.
  4198 | D:5      | 4198 ||| FLEEEEING.
  4276 | D:5      | Reached skill level 3 in Fighting
  4713 | D:5      | 4713 ||| READING scroll labelled NOH PA KIE.
  4814 | D:5      | 4814 ||| READING scroll labelled VUMPETOTOA.
  4819 | D:5      | 4819 ||| DRINKING 2 brown potions.
  4820 | D:5      | 4820 ||| READING 3 scrolls of identify.
  4820 | D:5      | 4820 ||| IDENTIFYING dark potion
  4861 | D:6      | Found a transporter.
  4892 | D:6      | Found a transporter.
  4906 | D:6      | Found a sparkling altar of Nemelex Xobeh.
  4950 | D:6      | Reached skill level 13 in Ranged Weapons
  5206 | D:6      | Noticed Menkaure
  5215 | D:6      | HP: 7/46 [something (6)]
  5216 | D:6      | 5216 ||| DRINKING 4 potions of heal wounds.
  5217 | D:6      | Killed Menkaure
  5407 | D:6      | Reached skill level 14 in Ranged Weapons
  5491 | D:6      | Noticed a two-headed ogre
  5497 | D:6      | HP: 9/46 [two-headed ogre/+0 giant club (16)]
  5498 | D:6      | 5498 ||| DRINKING 3 potions of heal wounds.
  5499 | D:6      | 5499 ||| DRINKING 2 potions of heal wounds.
  5501 | D:6      | 5501 ||| DRINKING potion of heal wounds.
  5504 | D:6      | Killed a two-headed ogre
  5505 | D:6      | Reached XP level 9. HP: 27/51 MP: 11/11
  5834 | D:6      | 5834 ||| DROPPING amulet of guardian spirit.
  5835 | D:6      | 5835 ||| DROPPING amulet of magic regeneration.
  5836 | D:6      | 5836 ||| UPGRADING to +4 ring of protection.
  6000 | D:7      | Found a shadowy altar of Dithmenos.
  6000 | D:7      | Found a shimmering blue altar of Sif Muna.
  6195 | D:7      | Noticed Duvessa
  6203 | D:7      | Noticed Dowan
  6208 | D:7      | Killed Duvessa
  6225 | D:7      | HP: 11/54 [poisoned by an orc wizard]
  6227 | D:7      | Killed Dowan
  6228 | D:7      | HP: 5/54 [poisoned by an orc wizard]
  6230 | D:7      | HP: 2/54 [poisoned by an orc wizard]
  6231 | D:7      | 6231 ||| DRINKING 2 potions of curing.
  6231 | D:7      | 6231 ||| (to cure poison)
  6296 | D:7      | Found an iron altar of Okawaru.
  6297 | D:7      | 6297 ||| PLANNING OKAWARU WORSHIP
  6297 | D:7      | 6297 ||| UPGRADING to +5 ring of evasion.
  6298 | D:7      | 6298 ||| READING scroll labelled FOREMOATRA.
  6299 | D:7      | 6299 ||| READING 3 scrolls of identify.
  6299 | D:7      | 6299 ||| IDENTIFYING bubbling coppery potion
  6300 | D:7      | 6300 ||| DROPPING potion of degeneration.
  6308 | D:7      | Became a worshipper of Warmaster Okawaru
  6309 | D:7      | 6309 ||| PLANNING D:1-11
  6318 | D:7      | Noticed Maggie
  6338 | D:7      | Killed Maggie
  6339 | D:7      | Reached skill level 9 in Dodging
  6426 | D:7      | Found a sacrificial altar of Ru.
  6639 | D:7      | 6639 ||| READING 2 scrolls of identify.
  6639 | D:7      | 6639 ||| IDENTIFYING amethyst potion
  6640 | D:7      | 6640 ||| DROPPING potion of ambrosia.
  6929 | D:8      | 6929 ||| Stepping randomly (disturbance).
  6930 | D:8      | 6930 ||| READING scroll labelled ZITOBA UDARIU.
  6949 | D:8      | Killed an unseen horror
  6950 | D:8      | Reached XP level 10. HP: 52/60 MP: 12/12
  6987 | D:8      | Reached * piety under Okawaru
  7154 | D:8      | 7154 ||| INVOKING Heroism.
  7155 | D:8      | 7155 ||| INVOKING Heroism.
  7165 | D:8      | Reached skill level 6 in Fighting
  7478 | D:8      | Noticed a two-headed ogre
  7479 | D:8      | 7479 ||| INVOKING Heroism.
  7489 | D:8      | Killed a two-headed ogre
  7532 | D:8      | 7532 ||| INVOKING Heroism.
  7540 | D:8      | Reached skill level 1 in Invocations
  7669 | D:9      | 7669 ||| STAIRDANCE
  7676 | D:8      | 7676 ||| INVOKING Heroism.
  7712 | D:9      | 7712 ||| STAIRDANCE
  7716 | D:8      | 7716 ||| INVOKING Heroism.
  7728 | D:8      | Reached skill level 3 in Invocations
  7775 | D:9      | 7775 ||| STAIRDANCE
  7801 | D:9      | 7801 ||| STAIRDANCE
  7818 | D:9      | 7818 ||| STAIRDANCE
  7866 | D:9      | 7866 ||| SWAPPING to +1 heavy orcbow.
  7867 | D:9      | 7867 ||| DROPPING +3 shortbow of freezing.
  8053 | D:9      | Found a burning altar of Makhleb.
  8075 | D:9      | Found a staircase to the Orcish Mines.
  8188 | D:9      | Found Tijo's Tremendous Tomes.
  8307 | D:9      | Found a hazy altar of Hepliaklqana.
  8308 | D:9      | Found a shimmering altar of Xom.
  8308 | D:9      | Noticed a two-headed ogre
  8458 | D:10     | Entered Level 10 of the Dungeon
  8494 | D:10     | Found a white marble altar of Elyvilon.
  8569 | D:10     | Reached ** piety under Okawaru
  8573 | D:10     | Reached skill level 15 in Ranged Weapons
  8734 | D:10     | 8734 ||| INVOKING Heroism.
  8774 | D:10     | Reached XP level 11. HP: 66/66 MP: 16/16
  8882 | D:10     | Found an ancient bone altar of Kikubaaqudgha.
  8882 | D:10     | Found a radiant altar of Vehumet.
  8890 | D:10     | Found Hyrphitati's Book Shop.
  8955 | D:10     | 8955 ||| INVOKING Heroism.
  9049 | D:10     | 9049 ||| INVOKING Heroism.
  9115 | D:10     | Reached skill level 16 in Ranged Weapons
  9285 | D:10     | Found a basalt altar of Yredelemnul.
  9320 | D:10     | 9320 ||| DROPPING +0 ring mail.
  9321 | D:10     | 9321 ||| UPGRADING to +0 troll leather armour.
  9331 | D:10     | 9331 ||| READING scroll labelled RATZOE ATHEF.
  9331 | D:10     | Identified a scroll of acquirement
  9331 | D:10     | 9331 ||| ACQUIRING +1 longbow of Zuoruo {flame, Str-2
                  | Dex+5}
  9331 | D:10     | Acquired the +1 longbow of Zuoruo {flame, Str-2 Dex+5}
  9333 | D:10     | 9333 ||| SWAPPING to +1 longbow of Zuoruo {flame, Str-2
                  | Dex+5}.
  9334 | D:10     | 9334 ||| DROPPING +1 heavy orcbow.
  9335 | D:10     | 9335 ||| READING 3 scrolls of identify.
  9335 | D:10     | 9335 ||| IDENTIFYING fizzy coppery potion
  9336 | D:10     | 9336 ||| DROPPING potion of brilliance.
  9393 | D:11     | Noticed a death yak
  9394 | D:11     | 9394 ||| INVOKING Heroism.
  9395 | D:11     | Noticed a death yak
  9400 | D:11     | Killed a death yak
  9402 | D:11     | Noticed a death yak
  9404 | D:11     | Noticed a death yak
  9405 | D:11     | Killed a death yak
  9405 | D:11     | Reached *** piety under Okawaru
  9408 | D:11     | Noticed a death yak
  9410 | D:11     | Noticed a death yak
  9411 | D:11     | Noticed a death yak
  9416 | D:11     | Killed a death yak
  9416 | D:11     | Noticed a centaur warrior
  9417 | D:11     | Reached skill level 17 in Ranged Weapons
  9417 | D:11     | 9417 ||| INVOKING Heroism.
  9423 | D:11     | Killed a death yak
  9423 | D:11     | Reached **** piety under Okawaru
  9432 | D:11     | Killed a death yak
  9436 | D:11     | Killed a death yak
  9438 | D:11     | Killed a centaur warrior
  9439 | D:11     | Reached skill level 18 in Ranged Weapons
  9444 | D:11     | 9444 ||| INVOKING Heroism.
  9445 | D:11     | Killed a death yak
  9473 | D:11     | Found a staircase to the Lair.
  9513 | D:11     | Reached skill level 6 in Invocations
  9579 | D:11     | Reached ***** piety under Okawaru
  9606 | D:11     | Noticed a two-headed ogre
  9607 | D:11     | 9607 ||| INVOKING Heroism.
  9611 | D:11     | Killed a two-headed ogre
  9612 | D:11     | Reached XP level 12. HP: 72/72 MP: 15/18
  9792 | D:11     | Found a shimmering blue altar of Sif Muna.
  9808 | D:11     | 9808 ||| PLANNING LAIR
  9824 | Lair:1   | Entered Level 1 of the Lair of Beasts
  9846 | Lair:1   | 9846 ||| INVOKING Heroism.
 10000 | Lair:1   | Noticed Amaemon
 10001 | Lair:1   | 10001 ||| INVOKING Heroism.
 10002 | Lair:1   | 10002 ||| Stepping ~*~*~tactically~*~*~ (outnumbered).
 10004 | Lair:1   | 10004 ||| Stepping ~*~*~tactically~*~*~ (outnumbered).
 10026 | Lair:1   | Killed Amaemon
 10082 | Lair:1   | Identified the +5 scale mail of Ferocious the Leaf {Harm
                  | rN+}
 10391 | Lair:1   | 10391 ||| INVOKING Heroism.
 10882 | Lair:1   | 10882 ||| READING 2 scrolls labelled ZACUUF YPPOUF.
 10883 | Lair:1   | 10883 ||| READING 3 scrolls of identify.
 10883 | Lair:1   | 10883 ||| IDENTIFYING bubbling brown potion
 10884 | Lair:1   | 10884 ||| DROPPING scroll of blinking.
 10928 | Lair:2   | 10928 ||| INVOKING Heroism.
 10943 | Lair:2   | Reached skill level 19 in Ranged Weapons
 11086 | Lair:2   | 11086 ||| INVOKING Heroism.
 11120 | Lair:2   | 11120 ||| INVOKING Heroism.
 11181 | Lair:2   | Reached skill level 9 in Invocations
 11273 | Lair:2   | Found a hole to the Spider Nest.
 11275 | Lair:2   | 11275 ||| INVOKING Heroism.
 11408 | Lair:2   | 11408 ||| INVOKING Heroism.
 11440 | Lair:2   | Received a gift from Okawaru
 11441 | Lair:2   | Reached skill level 20 in Ranged Weapons
 11442 | Lair:2   | 11442 ||| DROPPING +1 longbow of draining.
 11643 | Lair:2   | 11643 ||| INVOKING Heroism.
 11671 | Lair:2   | Found a staircase to the Swamp.
 11676 | Lair:2   | Reached skill level 3 in Armour
 11828 | Lair:2   | 11828 ||| READING 2 scrolls labelled ROIPOETROGH.
 11829 | Lair:2   | 11829 ||| DROPPING scroll of vulnerability.
 11956 | Lair:3   | 11956 ||| INVOKING Heroism.
 11956 | Lair:3   | HP: 13/72 [skyshark (7)]
 11957 | Lair:3   | 11957 ||| READING 7 scrolls of teleportation.
 11957 | Lair:3   | Slain by a skyshark

Levels and vault maps discovered:
D:1:      dpeg_arrival_water_temple_mockup, layout_basic
D:2:      layout_basic, nrook_campfire, roderic_st_hans_cross
D:3:      layout_basic, nicolae_uskayaw_suspiria, jmf_multi_god_temple2,
          portal_sewer_entry_a, uniq_crazy_yiuf_cottage
D:4:      layout_basic, nicolae_gozag_seed_capital,
          minmay_temple_entry_sparse_star, hangedman_abyss_or_decor_passed,
          uniq_natasha
D:5:      layout_loops_ring, serial_aquarium, aquarium_bridge_long_separate
          [aquarium_subvault_wall, aquarium_subvault_bridge,
          aquarium_subvault_window, aquarium_subvault_bridge,
          aquarium_subvault_wall, aquarium_subvault_bridge],
          aquarium_window_fake, aquarium_window_3, aquarium_window_fake,
          aquarium_view_2d, aquarium_balcony_double_4, aquarium_pool_2,
          dreamdust_wishing_well, minmay_misc_feat_nine_boxes, uniq_sigmund
D:6:      gammafunk_steamed_eel, layout_layer_cave,
          nemelex_xobeh_ov_fountains_minmay, uniq_menkaure
D:7:      layout_basic, okawaru_metal_pillars_1_2,
          nicolae_ru_the_path_less_chosen, gammafunk_temple_overflow_pools,
          uniq_duvessa, uniq_maggie
D:8:      layout_basic
D:9:      layout_long_grid, regret_index_temple_of_mockery,
          mainiacjoe_overflow_chevrons, orc_0_dummy,
          nicolae_shop_i_like_big_books
D:10:     layout_basic, elyvilon_altar_5, gammafunk_temple_overflow_elements,
          yredelemnul_forgotten_temple_becter, serial_shops,
          nicolae_shop_advertising_works [nicolae_subvault_shop_adworks]
D:11:     layout_cave_pools, dpeg_lair_monsters, nicolae_sif_muna_condensation
Temple:   nicolae_temple_ecumenical_triangle
Lair:1:   layout_layer_cave, uniq_amaemon
Lair:2:   layout_cave_pods, minmay_swamp_entry_worms,
          spider_nest_entry_funnel_web, grunt_megastairs_2
Lair:3:   layout_regular_city, serial_bayou_shore_a

Skill      XL: |  1  2  3  4  5  6  7  8  9 10 11 12 |
---------------+-------------------------------------+-----
Ranged Weapons | 6 7 8 9 10 12 14 15 18 20 | 20.0
Dodging        | 3 4 7 9 10 11 | 11.1
Fighting       | 2 3 5 6 7 |  7.0
Armour         | 1 2 3 |  3.0
Invocations    | 4 6 10 | 10.0
Stealth        | |  1.2

Action                     |  1- 3 |  4- 6 |  7- 9 | 10-12 || total
---------------------------+-------+-------+-------+-------++-------
   Fire: Shortbow          |   125 |   163 |   427 |   140 ||   855
         Orcbow            |       |       |       |    98 ||    98
         Longbow           |       |       |       |   268 ||   268
 Invoke: Heroism           |       |       |       |    22 ||    22
    Use: Scroll            |     4 |     7 |     9 |     6 ||    26
         Potion            |       |     2 |     6 |       ||     8
 Armour: Leather armour    |     3 |    15 |    44 |    15 ||    77
         Scale mail        |    12 |       |       |       ||    12
         Troll leather arm |       |       |       |    37 ||    37
  Dodge: Dodged            |    28 |    35 |   120 |   396 ||   579

Table legend:
 A = Non-vault XP
 B = Vault XP
 C = Vault XP percentage of total XP
 D = Non-vault monster count
 E = Vault monster count
 F = Vault count percentage of total count
                 A         B        C        D         E       F
            +---------+---------+-------+---------+---------+-------
      Total |   24289 |   11006 |  31.2 |     285 |      41 |  12.6
            +---------+---------+-------+---------+---------+-------
        D:1 |      55 |       0 |   0.0 |      28 |       0 |   0.0
        D:2 |      39 |       0 |   0.0 |      18 |       0 |   0.0
        D:3 |     263 |       7 |   2.6 |      26 |       6 |  18.8
        D:4 |     544 |      35 |   6.0 |      40 |       1 |   2.4
        D:5 |     625 |     226 |  26.6 |      12 |       1 |   7.7
        D:6 |    1844 |     172 |   8.5 |      18 |       1 |   5.3
        D:7 |     873 |     626 |  41.8 |      17 |       3 |  15.0
        D:8 |    2610 |       0 |   0.0 |      23 |       0 |   0.0
        D:9 |     748 |       0 |   0.0 |      20 |       0 |   0.0
       D:10 |    4197 |       1 |   0.0 |      31 |       1 |   3.1
       D:11 |    3585 |    5633 |  61.1 |      17 |       7 |  29.2
     Lair:1 |    1760 |    1178 |  40.1 |       6 |       2 |  25.0
     Lair:2 |    6793 |    3005 |  30.7 |      26 |      10 |  27.8
     Lair:3 |     353 |       0 |   0.0 |       3 |       0 |   0.0
      Sewer |       0 |     123 | 100.0 |       0 |       9 | 100.0
            +---------+---------+-------+---------+---------+-------
